Map: 아크로폴리스 - 래더

Players

DnS - Winner!

  • Race: Protoss Protoss
  • Spawn Location: 11:00

LiquidTLO (TLO)

  • Race: Zerg Zerg
  • League: Grandmaster
  • Spawn Location: 5:00

Event: HomeStory Cup XIX

VOD

Have the link to the VOD?

Description

Time

  • Played on: June 27, 2019, 1:46 p.m.
  • Length: 8:28

All games in this series

Show
View Real Time Build Order
Export as new Build Order

DnS Protoss - Winner!

Build Orders: 1 Gate Expand, Oracle Opening, Zealot Archon, Archon Drop 

Get SALT Encoding   

  12  0:00  Probe  
  13  0:12  Probe  
  14  0:20  Pylon  
  14  0:24  Probe  
  15  0:34  Probe  
  15  0:42  Probe, Gateway  
  17  0:52  Assimilator, Probe  
  18  1:05  Probe  
  19  1:17  Probe  
  20  1:29  Cybernetics Core  
  20  1:36  Nexus  
  20  1:38  Probe  
  21  1:44  Pylon  
  21  1:50  Probe  
  21  1:53  Assimilator  
  22  1:55  Adept  
  22  2:02  Probe  
  25  2:15  Probe, Adept  
  26  2:27  Probe  
  29  2:31  Stargate  
  29  2:39  Probe, Warp Gate  
  29  2:43  Probe  
  30  2:48  Stalker  
  33  2:51  Probe x2  
  35  3:01  Probe  
  35  3:03  Probe  
  37  3:07  Oracle  
  37  3:13  Probe  
  37  3:15  Probe  
  42  3:26  Probe  
  41  3:30  Probe  
  42  3:34  Gateway  
  42  3:35  Assimilator  
  42  3:38  Probe, Assimilator  
  43  3:42  Probe  
  43  3:43  Robotics Facility, Pylon  
  44  3:49  Probe  
  44  3:52  Pylon  
  44  3:54  Probe  
  46  3:56  Twilight Council  
  46  3:57  Probe  
  47  4:05  Probe  
  47  4:06  Probe  
  49  4:17  Probe, Gateway  
  49  4:18  Gateway  
  49  4:19  Probe  
  49  4:20  Warp Prism  
  51  4:27  Zealot  
  51  4:28  Zealot  
  57  4:34  Templar Archives  
  57  4:42  Probe  
  58  4:47  Nexus  
  58  4:51  Pylon  
  58  4:57  Probe x2  
  60  5:00  Forge  
  60  5:09  Pylon  
  60  5:11  Probe x2  
  62  5:16  High Templar x2  
  62  5:17  High Templar x2  
  62  5:19  Immortal  
  62  5:20  Archon  
  62  5:21  Archon  
  70  5:33  Probe x2  
  70  5:34  Pylon  
  76  5:37  Charge  
  76  5:42  Protoss Ground Weapons Level 1  
  76  5:46  Probe  
  76  5:49  Immortal  
  77  5:56  Gateway  
  77  5:59  Gateway  
  77  6:01  Gateway  
  77  6:04  Gateway  
  81  6:06  Sentry  
  83  6:12  Zealot x3  
  83  6:16  Immortal  
  89  6:30  Pylon  
  93  6:33  Sentry x2, Zealot x2  
  101  6:42  Pylon  
  101  6:50  Photon Cannon  
  101  6:52  Pylon  
  101  6:53  Zealot x4  
  109  7:13  Zealot x3, High Templar x2  
  109  7:14  Zealot x3  
  125  7:16  Pylon  
  125  7:17  Archon  
  125  7:18  Pylon  
  125  7:20  Pylon  
  117  7:39  Zealot  
  117  7:40  Zealot x5  
  89  7:54  High Templar  
  89  7:55  High Templar  
  85  7:59  Archon  
  85  8:00  Zealot x6  
  85  8:01  Probe  
  88  8:11  Probe x2  
  80  8:21  Zealot x6  
  88  8:27  Zealot  
Show
View Real Time Build Order
Export as new Build Order

LiquidTLO Zerg 

Build Orders: Hatch First 

Get SALT Encoding   

  12  0:00  Drone  
  13  0:13  Overlord  
  13  0:17  Drone  
  14  0:31  Drone x2  
  16  0:45  Drone  
  17  0:53  Hatchery  
  17  0:56  Drone  
  17  1:12  Drone, Spawning Pool  
  17  1:17  Drone  
  18  1:24  Extractor  
  17  1:31  Drone  
  18  1:44  Hatchery  
  17  1:47  Drone  
  17  1:51  Drone  
  19  2:00  Drone  
  20  2:06  Queen  
  22  2:11  Drone  
  23  2:20  Queen  
  25  2:26  Overlord  
  25  2:32  Metabolic Boost  
  25  2:37  Zergling x2  
  25  2:40  Zergling x2  
  25  2:43  Zergling x2  
  28  2:45  Drone  
  29  2:53  Zergling x4  
  31  3:03  Overlord  
  31  3:04  Drone x2  
  33  3:07  Drone  
  33  3:10  Drone  
  35  3:15  Drone  
  35  3:16  Extractor  
  34  3:21  Drone  
  34  3:23  Drone  
  34  3:24  Drone  
  34  3:26  Drone  
  37  3:27  Drone  
  37  3:31  Drone  
  37  3:32  Drone  
  40  3:34  Drone  
  40  3:38  Drone  
  40  3:39  Drone  
  43  3:43  Drone x2  
  43  3:46  Drone  
  46  3:51  Overlord  
  46  3:52  Drone  
  47  3:57  Drone  
  48  4:05  Spore Crawler  
  48  4:06  Spore Crawler  
  48  4:07  Drone x2, Spore Crawler  
  48  4:09  Extractor  
  44  4:11  Drone x2  
  44  4:13  Drone  
  44  4:16  Drone  
  45  4:17  Drone x2  
  45  4:19  Drone  
  45  4:20  Drone  
  45  4:21  Drone  
  50  4:24  Drone  
  50  4:25  Drone  
  50  4:29  Drone, Evolution Chamber  
  52  4:32  Drone x2  
  52  4:36  Queen  
  56  4:39  Overlord  
  56  4:44  Overlord  
  56  4:45  Drone  
  57  4:49  Overlord  
  57  4:50  Drone  
  58  4:54  Zerg Melee Weapons Level 1  
  58  4:56  Overlord  
  58  4:59  Drone x3  
  61  5:07  Zergling x4, Hatchery  
  61  5:10  Zergling x4  
  61  5:11  Zergling x2  
  65  5:14  Queen  
  65  5:16  Zergling x2  
  65  5:20  Zergling x2  
  65  5:21  Zergling x2  
  70  5:22  Zergling x2  
  70  5:25  Zergling x2, Queen  
  70  5:27  Zergling x2  
  73  5:31  Zergling x2  
  73  5:32  Spore Crawler  
  73  5:34  Queen  
  75  5:38  Zergling x2  
  75  5:39  Baneling Nest  
  75  5:44  Zergling x2  
  72  5:50  Queen  
  72  5:51  Drone  
  72  5:53  Overlord  
  72  5:55  Overlord  
  72  5:56  Drone  
  75  5:57  Overlord  
  75  5:58  Zergling x4, Overlord  
  75  6:00  Queen  
  78  6:05  Drone x6, Extractor  
  82  6:14  Drone  
  82  6:16  Zergling x2  
  82  6:17  Zergling x2  
  82  6:18  Zergling x2  
  77  6:21  Lair  
  77  6:22  Zergling x2  
  77  6:24  Zergling x2  
  77  6:25  Zergling x6, Queen  
  83  6:27  Zergling x2  
  83  6:29  Zergling x2  
  83  6:30  Zergling x2  
  86  6:33  Zergling x2  
  86  6:34  Extractor, Queen  
  86  6:35  Zergling x2  
  89  6:40  Zergling x2  
  89  6:41  Zergling x6  
  89  6:42  Zergling x2  
  94  6:48  Zergling x4  
  94  6:49  Zergling x2  
  94  6:52  Zergling x4  
  97  6:55  Zergling x2  
  97  6:57  Zergling x2  
  97  6:59  Drone x3  
  102  7:04  Zergling x2  
  102  7:05  Baneling  
  102  7:06  Baneling x9  
  102  7:08  Baneling, Overlord  
  101  7:09  Zergling x2, Queen  
  101  7:10  Zergling x4  
  101  7:14  Zergling x6  
  109  7:16  Zergling x2  
  109  7:17  Zergling x2  
  109  7:18  Zergling x2, Queen  
  109  7:20  Baneling  
  109  7:21  Baneling x4  
  114  7:23  Zergling x2  
  114  7:26  Zergling x2  
  114  7:27  Zergling x2  
  113  7:32  Baneling, Zergling x2  
  107  7:39  Zergling x2  
  107  7:40  Zergling x12  
  108  7:47  Zergling x2  
  108  7:48  Zergling x16  
  98  7:52  Zergling x2  
  98  7:54  Zergling x2  
  98  7:58  Zergling x2  
  88  8:00  Zergling x2  
  88  8:01  Zergling x2  
  88  8:02  Zergling x2  
  88  8:04  Zergling x2  
  84  8:09  Zergling x2  
Tags
 
Add a new tag
Caveats
  • Supply blocks, unpowered buildings, or Contaminate may cause inaccurate times.
  • Supply counts are checked every 10 seconds.